Map: Odyssey LE

Players

Gumiho - Winner!

  • Race: Terran Terran
  • League: Master
  • Spawn Location: 11:00

PtitDrogo

  • Race: Protoss Protoss
  • League: Master
  • Spawn Location: 5:00

Event: HomeStory Cup XV

VOD

Have the link to the VOD?

Description

Time

  • Played on: July 22, 2017, 4:18 p.m.
  • Length: 7:41

All games in this series

Show
View Real Time Build Order
Export as new Build Order

Gumiho Terran - Winner!

Build Orders: Liberator Opening, Reaper Expand, MMM Bio 

Get SALT Encoding   

  12  0:00  SCV  
  13  0:12  SCV  
  14  0:16  Supply Depot  
  14  0:25  SCV  
  14  0:27  Refinery  
  15  0:38  SCV  
  16  0:44  Barracks  
  16  0:50  SCV  
  17  1:02  SCV  
  18  1:14  SCV  
  19  1:31  Orbital Command, Reaper  
  20  1:42  Command Center  
  20  1:52  Factory  
  20  1:57  SCV  
  21  2:01  Refinery  
  21  2:05  Barracks Reactor  
  21  2:09  SCV  
  21  2:13  Supply Depot  
  22  2:21  SCV  
  23  2:35  SCV  
  24  2:37  Starport  
  24  2:47  SCV  
  24  2:49  Hellion x2  
  29  2:53  Orbital Command  
  29  2:57  Liberator  
  29  2:59  SCV  
  31  3:09  Widow Mine x2  
  31  3:12  SCV  
  36  3:16  Barracks Tech Lab  
  36  3:19  SCV  
  39  3:25  Supply Depot  
  39  3:31  SCV x2  
  40  3:43  SCV x2  
  40  3:44  Widow Mine  
  40  3:45  Widow Mine  
  40  3:47  Stimpack  
  42  3:48  Barracks  
  42  3:53  Marine  
  43  3:56  SCV, Barracks  
  43  3:58  SCV  
  43  4:02  Medivac  
  47  4:05  Supply Depot  
  47  4:10  SCV x2, Marine  
  50  4:18  Supply Depot  
  50  4:23  Refinery  
  50  4:24  SCV x2  
  50  4:28  Marine, Engineering Bay  
  53  4:31  Factory Reactor  
  53  4:36  SCV x2  
  55  4:44  Marine x2  
  57  4:46  Barracks Reactor, Marine, Starport Reactor  
  57  4:48  SCV  
  59  4:55  Terran Infantry Weapons Level 1  
  56  5:00  SCV  
  56  5:02  Marine x2  
  56  5:04  Marine  
  56  5:06  SCV  
  58  5:12  SCV  
  55  5:18  SCV  
  55  5:20  Marine x2  
  56  5:22  Marine x3  
  56  5:24  SCV  
  60  5:31  SCV  
  61  5:36  SCV  
  61  5:37  Marine, Supply Depot  
  61  5:38  Marine  
  61  5:39  Marine  
  61  5:40  Marine x2  
  67  5:43  SCV  
  67  5:44  Widow Mine  
  67  5:49  Combat Shields  
  70  5:58  Marine x3, Widow Mine, Supply Depot  
  70  6:00  Supply Depot  
  75  6:05  Marine x2, Supply Depot  
  75  6:11  SCV  
  78  6:19  Marine x3, Medivac x2  
  78  6:20  SCV  
  78  6:22  Widow Mine  
  78  6:23  Marine x2  
  88  6:25  Supply Depot  
  88  6:26  Widow Mine  
  88  6:27  Supply Depot  
  90  6:37  Marine x2  
  92  6:45  Marine x2  
  92  6:46  Marine  
  94  6:54  SCV x2  
  94  6:55  Marine x2  
  95  7:03  Marine x2  
  95  7:04  Marine  
  89  7:13  Marine x2  
  88  7:19  Barracks  
  88  7:20  Marine x2, Barracks  
  88  7:22  Marine  
Show
View Real Time Build Order
Export as new Build Order

PtitDrogo Protoss 

Build Orders: 1 Gate Expand, Oracle Opening 

Get SALT Encoding   

  12  0:01  Probe (Chrono Boost)  
  13  0:11  Probe (Chrono Boost)  
  14  0:17  Pylon  
  14  0:22  Probe (Chrono Boost)  
  15  0:35  Probe (Chrono Boost)  
  16  0:36  Gateway  
  16  0:41  Assimilator  
  16  0:45  Probe (Chrono Boost)  
  17  0:56  Probe (Chrono Boost)  
  18  1:07  Probe (Chrono Boost)  
  19  1:19  Nexus  
  19  1:28  Cybernetics Core  
  19  1:31  Probe (Chrono Boost)  
  20  1:36  Assimilator  
  20  1:42  Probe (Chrono Boost)  
  21  1:47  Pylon  
  21  1:52  Probe (Chrono Boost)  
  22  1:58  Warp Gate  
  22  2:02  Probe (Chrono Boost)  
  22  2:05  Adept (Chrono Boost)  
  25  2:14  Probe  
  26  2:22  Stargate  
  26  2:26  Probe  
  26  2:29  Adept (Chrono Boost)  
  29  2:30  Probe  
  30  2:38  Probe  
  30  2:40  Probe  
  32  2:51  Probe x2  
  33  2:56  Adept (Chrono Boost)  
  36  3:02  Probe  
  36  3:03  Probe  
  36  3:05  Oracle (Chrono Boost)  
  41  3:14  Probe  
  41  3:15  Probe  
  41  3:17  Gateway  
  41  3:19  Gateway  
  43  3:26  Probe  
  44  3:29  Probe  
  45  3:38  Probe  
  44  3:43  Probe  
  45  3:50  Probe  
  45  3:52  Pylon  
  45  3:54  Pylon  
  46  4:01  Pylon  
  46  4:05  Oracle  
  46  4:10  Probe (Chrono Boost)  
  46  4:12  Adept x2  
  46  4:13  Mothership Core (Chrono Boost), Adept  
  58  4:20  Probe (Chrono Boost)  
  60  4:31  Probe (Chrono Boost)  
  60  4:33  Probe (Chrono Boost)  
  60  4:34  Nexus  
  60  4:36  Pylon  
  61  4:42  Probe (Chrono Boost)  
  61  4:45  Probe (Chrono Boost)  
  61  4:52  Probe (Chrono Boost)  
  55  4:54  Stalker x2  
  55  4:57  Probe (Chrono Boost)  
  60  5:03  Probe (Chrono Boost)  
  59  5:09  Probe (Chrono Boost)  
  59  5:13  Probe (Chrono Boost)  
  61  5:20  Stalker x2  
  63  5:21  Probe (Chrono Boost)  
  63  5:24  Probe (Chrono Boost)  
  63  5:28  Stalker  
  66  5:34  Probe (Chrono Boost)  
  67  5:38  Assimilator  
  67  5:41  Assimilator  
  67  5:45  Probe (Chrono Boost)  
  67  5:46  Probe (Chrono Boost)  
  67  5:47  Probe (Chrono Boost)  
  70  5:51  Twilight Council  
  70  5:53  Forge  
  70  5:55  Probe (Chrono Boost)  
  71  5:57  Stalker  
  71  6:00  Probe (Chrono Boost)  
  74  6:05  Phoenix  
  76  6:14  Probe x2 (Chrono Boost)  
  76  6:16  Probe (Chrono Boost)  
  79  6:24  Probe x2 (Chrono Boost)  
  81  6:26  Sentry x2  
  81  6:27  Probe (Chrono Boost)  
  86  6:34  Probe  
  86  6:36  Probe  
  86  6:38  Probe  
  89  6:40  Stalker  
  89  6:48  Probe  
  89  6:51  Gateway x2  
  89  6:53  Gateway  
  83  6:56  Zealot, Gateway x2, Adept  
  79  7:08  Adept  
  75  7:12  Probe  
  75  7:13  Probe x2  
  68  7:16  Photon Cannon  
  68  7:21  Stalker  
  68  7:22  Probe  
  73  7:23  Assimilator  
  73  7:24  Pylon  
  73  7:25  Probe, Assimilator  
  73  7:26  Adept  
Tags
 
Add a new tag
Caveats
  • Supply blocks, unpowered buildings, or Contaminate may cause inaccurate times.
  • Supply counts are checked every 10 seconds.